 Dungeon Crawl Stone Soup version 0.21-a0-521-g1cd18d1 (webtiles) character file.

544688 robertstho the Axe Maniac (level 24, -9/370 (373) HPs)
             Began as a Minotaur Berserker on Dec 4, 2017.
             Was the Champion of Trog.
             Mangled by a death scarab (15 damage)
             ... on level 2 of the Tomb of the Ancients on Dec 5, 2017.
             The game lasted 04:52:03 (53442 turns).

robertstho the Axe Maniac (Minotaur Berserker)     Turns: 53442, Time: 04:52:04

HP:   -9/370 (373)  AC: 35    Str: 41 (42) XL:     24   Next: 85%
MP:   22/22         EV: 14    Int: -1 (6)  God:    Trog [******]
Gold: 3818          SH:  0    Dex: 19      Spells: 23/23 levels left

rFire    + . .     SeeInvis +   b - +8 mithril axe "Arga" {speed, MR+}
rCold    + + .     Gourm    .   (no shield)
rNeg     + + +     Faith    .   r - +8 plate armour of Birdsong {rC+}
rPois    +         Spirit   .   I - +2 hat {SInv}
rElec    .         Reflect  .   y - scarf {rC+ rF+}
rCorr    .         Harm     .   V - +2 pair of gloves {Str+3}
MR       +++..     NoTele   +   a - +2 pair of boots of Ukhlyuff {MR+ Slay+3}
Stlth    ..........             D - amulet "Utaets" {rC- rN++ Regen+ Int+3}
HPRegen  1.11/turn              s - ring of Makhleb's Envy {-Tele rN+++ Stlth-}
MPRegen  0.18/turn              i - ring of Boguvvefra {rPois rC+ Str+8 Dex+4}

@: berserking, very slightly contaminated, hasted and slowed, lost intelligence,
invisible
A: retaliatory headbutt, horns 2, clumsy 1, dopey 1
}: 3/15 runes: serpentine, barnacled, silver
a: Berserk, Trog's Hand, Brothers in Arms, Burn Spellbooks, Renounce Religion


You were on level 2 of the Tomb of the Ancients.
You worshipped Trog.
Trog was exalted by your worship.
You were not hungry.

You visited 9 branches of the dungeon, and saw 44 of its levels.
You visited 1 bazaar.
You also visited: Labyrinth, Trove, Ossuary, Bailey, Ice Cave, Volcano and Desolation.

You collected 8098 gold pieces.
You spent 4280 gold pieces at shops.

Inventory:

Hand Weapons
 b - the +8 mithril axe "Arga" (weapon) {speed, MR+}
   (Trog gifted it to you on level 1 of the Tomb of the Ancients)

   Attacks with this weapon are significantly faster.
   It affects your resistance to hostile enchantments.
 t - the +8 frozen axe "Frostbite" {freezing cloud, *Noise +Fly rC+}
   (You took it off a tengu reaver on level 5 of the Vaults)

   It has been specially enchanted to freeze those struck by it, causing extra
   injury to most foes and up to half again as much damage against particularly
   susceptible opponents.
   It can also slow down cold-blooded creatures.
   It protects you from cold.
   It lets you fly.
   It may make noises in combat.
 x - a +9 hand crossbow of velocity
 R - a +9 antimagic executioner's axe
 Z - the +10 hand axe of Agyzxics {chop, *Slow rElec rPois Str+7}
   (Trog gifted it to you on level 4 of the Snake Pit)

   It inflicts extra damage upon your enemies.
   It affects your strength (+7).
   It insulates you from electricity.
   It protects you from poison.
   It may slow you when you take damage.
Missiles
 C - 1934 bolts
Armour
 a - the +2 pair of boots of Ukhlyuff (worn) {MR+ Slay+3}
   (You bought it in a shop on level 9 of the Dungeon)

   It affects your accuracy and damage with ranged weapons and melee attacks
   (+3).
   It affects your resistance to hostile enchantments.
 m - the +10 large shield of Ignorance {rN+ Int-4}
   (You found it on level 2 of the Orcish Mines)

   It affects your intelligence (-4).
   It protects you from negative energy.
 r - the +8 plate armour of Birdsong (worn) {rC+}
   (You found it on level 4 of the Lair of Beasts)

   It protects you from cold.
 y - a scarf of resistance (worn)
 I - a +2 hat of see invisible (worn)
 V - a +2 pair of gloves of strength (worn)
Jewellery
 i - the ring of Boguvvefra (right hand) {rPois rC+ Str+8 Dex+4}
   (You took it off a deep elf sorcerer on level 3 of the Elven Halls)

   [ring of poison resistance]

   It affects your strength (+8).
   It affects your dexterity (+4).
   It protects you from cold.
   It protects you from poison.
 k - an uncursed amulet of regeneration
 s - the ring of Makhleb's Envy (left hand) {-Tele rN+++ Stlth-}
   (You found it on level 5 of the Vaults)

   [ring of loudness]

   It renders you almost immune to negative energy.
   It prevents most forms of teleportation.
   It makes you less stealthy.
 u - a +4 amulet of reflection
 D - the amulet "Utaets" (around neck) {rC- rN++ Regen+ Int+3}
   (You found it in a treasure trove)

   [amulet of regeneration]

   It affects your intelligence (+3).
   It makes you vulnerable to cold.
   It greatly protects you from negative energy.
   It increases your rate of regeneration.
 E - the amulet "Surroata" {Spirit MR+}
   (You found it in a treasure trove)

   [amulet of guardian spirit]

   It causes incoming damage to be split between your health and magic.
   It affects your resistance to hostile enchantments.
 J - an uncursed ring of protection from fire
 U - an uncursed ring of protection from fire
 W - the ring of the Barnacle {Fire Slay+3}
   (You found it on level 4 of the Shoals)

   [ring of fire]

   It enhances your fire magic.
   It affects your accuracy and damage with ranged weapons and melee attacks
   (+3).
   It protects you from fire.
   It makes you vulnerable to cold.
 X - the ring "Mavvel" {Str+2 Slay+6}
   (You acquired it on level 5 of the Lair of Beasts)

   [ring of slaying]

   It affects your strength (+2).
   It affects your accuracy and damage with ranged weapons and melee attacks
   (+6).
Wands
 F - a wand of polymorph (11)
 G - a wand of disintegration (19)
 O - a wand of acid (22)
 P - a wand of paralysis (58)
 Q - a wand of clouds (3)
 S - a wand of iceblast (47)
 T - a wand of scattershot (10)
Scrolls
 d - 13 scrolls of identify
 g - 19 scrolls of teleportation
 j - 6 scrolls of silence
 l - 7 scrolls of enchant armour
 n - 8 scrolls of enchant weapon
 o - 4 scrolls of fog
 w - 6 scrolls of magic mapping
 z - 2 scrolls of summoning
 B - 9 scrolls of blinking
 H - 12 scrolls of remove curse
 L - 6 scrolls of fear
 N - 3 scrolls of brand weapon
Potions
 e - 3 potions of resistance
 h - 10 potions of might
 p - 16 potions of curing
 A - 5 potions of haste
 K - a potion of invisibility
 M - 9 potions of agility
 Y - 7 potions of berserk rage
Miscellaneous
 v - a lamp of fire
Comestibles
 c - 19 bread rations
 f - 12 meat rations
 q - 27 fruits


   Skills:
 O Level 27 Fighting
   Level 1.4 Long Blades
 O Level 27 Axes
   Level 2.0(18.8) Polearms
 + Level 12.3 Crossbows
 + Level 0.5 Throwing
 + Level 17.3 Armour
 + Level 6.6 Dodging
 - Level 1.1 Stealth
 + Level 23.5 Shields


You had 23 spell levels left.
You didn't know any spells.

Dungeon Overview and Level Annotations

Branches:
Dungeon (15/15)            Temple (0/1) D:5            Lair (6/6) D:8
 Shoals (4/4) Lair:4        Snake (4/4) Lair:2        Slime (0/5) Lair:5
    Orc (2/2) D:10            Elf (3/3) Orc:2        Vaults (5/5) D:13
  Crypt (3/3) Vaults:2       Tomb (2/3) Crypt:3
 Depths: D:15

Altars:
Ashenzari
Fedhas
Kikubaaqudgha
Makhleb
Nemelex Xobeh
Ru
Trog
Vehumet
Wu Jian
Xom

Shops:
D:7 *   D:8 =   D:9 *   D:11 (   Orc:2 }(((   Elf:1 !   Shoals:2 *   Snake:2 *
Snake:4 %}?}   Vaults:3 !

Annotations:
D:15 Rupert


Innate Abilities, Weirdness & Mutations

You reflexively headbutt those who attack you in melee.
You have a pair of horns on your head.
You are clumsy. (Dex -2)
You are dopey. (Int -2)


Message History

The jiangshi claws you.
* * * LOW HITPOINT WARNING * * *
The mummy barely misses you.
You can move again.
A greater mummy comes into view.
You are too berserk!
You are too berserk!
You slice the mummy!!
You destroy the mummy!
Trog accepts your kill.
You catch the helpless mummy completely off-guard!
You chop the mummy into pieces!!!
You destroy the mummy!
Trog accepts your kill.
You barely miss the bennu. You hit the death scarab. You slash the jiangshi!
The death scarab bites you.
* * * LOW HITPOINT WARNING * * *
The death scarab drains your vigour!
You feel yourself slow down. The death scarab bites you!
You die...

#. #.......#..#
#..#.......#M.#
#.........#
##[........##
#...........#
##.....s...##
#...?.M.M.#
#..#..ssMbs#..#
#. #....Ms@# .#
.
..#.WZMV#....#
....#.M.#.....#
.....###......#
.... ......# ..
....... .[..<..
.......


You could see 2 greater mummies, a bennu, 2 mummy priests, a jiangshi, a
guardian mummy, a wraith, 5 death scarabs, 2 mummies and a spriggan zombie.

Vanquished Creatures
  An ancient lich (Crypt:3)
  Sojobo (Vaults:5)
  A greater mummy (Tomb:2)
  2 golden dragons (Vaults:5)
  Jory (Vaults:3)
  2 tentacled monstrosities
  3 liches
  A quicksilver dragon (Vaults:5)
  3 titans
  2 deep elf master archers (Elf:3)
  3 deep elf blademasters
  3 ancient champions
  2 krakens
  Kirke (Snake:1)
  9 sphinxes
  4 shadow dragons
  A storm dragon (Vaults:4)
  Ilsuiw (Shoals:4)
  8 tengu reavers
  5 nagarajas (Snake:4)
  A revenant (Crypt:3)
  7 fire giants
  Donald (Snake:4)
  6 deep elf sorcerers (Elf:3)
  4 ghouls
  18 vault wardens
  2 frost giants (Vaults:5)
  A ghost moth (shapeshifter) (Vaults:3)
  4 deep elf elementalists (Elf:3)
  2 curse skulls
  11 ironheart preservers
  6 very ugly things (Vaults:5)
  A large abomination (Elf:3)
  2 war gargoyles (Vaults:5)
  2 reapers
  3 deep elf demonologists
  5 vampire knights (Crypt:1)
  2 entropy weavers
  7 stone giants
  A bennu (Tomb:2)
  2 halazid warlocks (Desolation)
  4 deep elf annihilators
  The ghost of robertstho the Severer, a journeyman MiBe of Trog (D:14)
  2 blizzard demons (IceCv)
  5 merfolk javelineers
  7 ettins
  A minotaur (Lab)
  2 quicksilver dragon zombies (Crypt:3)
  6 crystal guardians
  8 eidola
  3 fire dragons
  6 mummy priests
  11 ragged hierophants (Desolation)
  16 yaktaur captains
  7 merfolk impalers
  12 deep elf death magi
  A deep elf high priest (Vaults:5)
  2 great orbs of eyes (Vaults:4)
  7 servants of whispers (Desolation)
  Josephine (Orc:1)
  35 vault guards
  6 peacekeepers (Desolation)
  A rakshasa (Vaults:3)
  8 hydras
  2 ice dragons
  A catoblepas (Lair:5)
  2 merfolk avatars
  12 anacondas
  15 naga warriors
  Erica (D:8)
  3 alligator snapping turtles
  11 centaur warriors
  31 dancing weapons
  4 merfolk aquamancers
  3 death knights
  39 two-headed ogres
  6 death yaks (Lair:3)
  2 deep troll shamans (Vaults:1)
  3 vampire magi
  14 ogre magi
  2 deep troll earth magi (Vaults:4)
  2 death scarabs (Tomb:2)
  A titan zombie (Vaults:5)
  13 naga sharpshooters
  3 orc high priests
  7 shock serpents
  The ghost of redcow542 the Spear-Bearer, a novice TeGl of Fedhas (Orc:2)
  21 deep elf knights
  7 soul eaters
  A hell knight (Vaults:1)
  A shadow wraith (Vaults:1)
  2 small abominations
  9 skeletal warriors
  2 entropy weaver zombies
  2 unseen horrors (shapeshifter)
  6 unseen horrors
  A deep troll (shapeshifter) (Vaults:5)
  13 sea snakes
  3 salamander mystics
  14 deep trolls
  A storm dragon skeleton (Crypt:3)
  3 flayed ghosts
  10 naga ritualists
  4 orange crystal statues (Orc:2)
  9 wizards
  18 necromancers
  A kraken simulacrum (Shoals:4)
  15 deep elf archers
  25 ironbrand convokers
  13 orc knights
  13 phantasmal warriors
  A golden dragon skeleton (Crypt:3)
  An anaconda skeleton (Crypt:3)
  55 deep elf magi
  18 ugly things
  A wolf spider zombie (Crypt:3)
  A wolf spider (shapeshifter) (Vaults:1)
  An orb spider (shapeshifter) (Vaults:1)
  8 mana vipers
  15 harpies
  5 orc sorcerers
  14 manticores
  A salamander (shapeshifter) (Vaults:5)
  An oklob plant (Lair:3)
  14 salamanders
  7 cyclopes
  A shadow dragon skeleton (Crypt:3)
  3 wolf spiders
  A human zombie (Vaults:3)
  5 stone giant zombies
  9 fauns
  24 naga magi
  5 toenail golems (Volcano)
  21 vault sentinels
  8 merfolk sirens
  A stone giant skeleton (Crypt:3)
  A shock serpent zombie (Crypt:3)
  A black mamba (shapeshifter) (Vaults:4)
  A centaur zombie (D:13)
  18 elephants
  4 water nymphs
  3 ice statues (IceCv)
  Joseph (D:7)
  33 black mambas
  A fire giant skeleton (Crypt:3)
  An eye of devastation (Vaults:1)
  2 molten gargoyles
  6 guardian serpents
  26 spiny frogs
  A shock serpent skeleton (Crypt:3)
  A spiny frog (shapeshifter) (Vaults:5)
  2 torpor snails
  A gargoyle (D:14)
  A catoblepas zombie (Crypt:3)
  2 emperor scorpion zombies
  A dire elephant skeleton (Crypt:1)
  20 freezing wraiths
  A komodo dragon (shapeshifter) (Elf:3)
  5 kobold demonologists
  A purple draconian zombie (Crypt:1)
  7 komodo dragons
  42 yaktaurs
  3 anaconda simulacra (IceCv)
  A green draconian skeleton (Crypt:2)
  14 guardian mummies
  13 hellwings (Crypt:3)
  28 merfolk
  A yaktaur (shapeshifter) (Vaults:2)
  8 ice devils (IceCv)
  2 hydra zombies
  2 trolls (shapeshifter)
  3 trolls
  A yaktaur skeleton (Vaults:3)
  7 wind drakes
  2 polar bears
  5 tyrant leeches (Lair:6)
  2 jumping spiders
  5 hornets
  A bog body (Crypt:1)
  20 slime creatures
  A hornet (shapeshifter) (Vaults:4)
  Prince Ribbit (D:8)
  9 hippogriffs
  40 blink frogs
  65 saltlings (Desolation)
  5 snapping turtles
  11 dream sheep
  A fire dragon zombie (Crypt:3)
  3 air elementals
  4 flying skulls (Tomb:2)
  2 ettin zombies (Vaults:5)
  An alligator zombie (Crypt:3)
  A hippogriff (shapeshifter) (Vaults:4)
  A centaur simulacrum (D:14)
  A spriggan (shapeshifter) (Vaults:4)
  4 shadows
  A tarantella (Vaults:5)
  5 wyverns
  5 redbacks
  25 yaks
  17 humans (D:13)
  A tarantella (shapeshifter) (Elf:1)
  3 ettin skeletons
  8 ushabtiu
  16 wraiths
  A vampire (D:14)
  A fire elemental (Elf:2)
  2 dire elephant simulacra (IceCv)
  A fire dragon skeleton (Crypt:3)
  A human (shapeshifter) (Vaults:2)
  10 water elementals
  6 vampire mosquitoes (Lair:6)
  A hog (Snake:1)
  7 basilisks
  A hungry ghost (D:9)
  A swamp worm (shapeshifter) (Elf:3)
  A deep troll zombie (Crypt:1)
  A human simulacrum (Vaults:1)
  7 wargs
  4 harpy simulacra (IceCv)
  47 nagas
  An ogre zombie (Vaults:1)
  Edmund (D:6)
  A soldier ant (D:14)
  A hydra simulacrum (IceCv)
  3 acid dragons
  12 water moccasins
  A snapping turtle zombie (Crypt:1)
  A gelid demonspawn skeleton (Crypt:2)
  4 porcupines
  2 deep troll skeletons
  31 orc warriors
  An elephant zombie (Crypt:1)
  3 ice beasts
  An ettin simulacrum (Vaults:3)
  6 phantoms
  2 sky beasts (D:11)
  4 black bears
  A hornet zombie (D:11)
  A manticore zombie (Crypt:3)
  8 boggarts (Vaults:1)
  7 necrophages
  10 wolves (Lair:5)
  15 centaurs
  31 ogres
  3 human skeletons
  2 swamp dragon skeletons (Crypt:3)
  15 crocodiles
  A rime drake zombie (Crypt:2)
  6 big kobolds
  Blork the orc (D:6)
  4 earth elementals
  An elf zombie (Crypt:3)
  19 bullfrogs
  9 wyvern skeletons
  8 scorpions
  3 killer bees (D:13)
  A polar bear zombie (Crypt:1)
  2 troll zombies
  An orc simulacrum (Vaults:1)
  12 wights
  An electric eel (Lair:4)
  6 howler monkeys
  5 bullfrog zombies
  3 crimson imps
  A quasit (D:8)
  5 jellies
  6 centaur skeletons
  14 orc priests
  Crazy Yiuf (D:4)
  4 hounds
  26 orc wizards
  4 bullfrog skeletons
  A demonspawn skeleton (Crypt:2)
  7 iguanas
  Natasha (thrice) (D:3)
  14 worker ants
  2 killer bee zombies
  A tengu zombie (Crypt:3)
  A demigod zombie (Crypt:2)
  A sky beast zombie (Crypt:1)
  A hound zombie (D:8)
  2 hound skeletons
  22 mummies
  7 gnolls
  17 adders
  3 shadow imps
  An ooze (D:7)
  An adder zombie (D:5)
  An adder skeleton (D:5)
  2 worms
  A dart slug (D:1)
  3 leopard geckos
  97 orcs
  14 bats
  9 goblins
  9 hobgoblins
  8 jackals
  12 kobolds
  2 quokkas
  2 ball pythons
  2 frilled lizards
  A frilled lizard skeleton (Crypt:1)
  5 gnoll zombies (Ossuary)
  A goblin skeleton (Crypt:1)
  A kobold zombie (Ossuary)
  An orc skeleton (Crypt:3)
  2 orc zombies (Ossuary)
  A quokka zombie (Crypt:2)
  7 rats
  2 bushes
  7 crawling corpses
  A fire vortex (D:14)
  7 fungi
  6 plants
  3 tentacles
2114 creatures vanquished.

Vanquished Creatures (collateral kills)
  An ancient lich (Vaults:5)
  Mara (Snake:4)
  Vashnia (Snake:4)
  2 sphinxes
  2 nagarajas (Snake:4)
  A vault warden (Vaults:5)
  Aizul (Snake:1)
  An ironheart preserver (Vaults:4)
  A very ugly thing (Vaults:1)
  2 deep elf elementalists (Elf:3)
  A stone giant (Vaults:4)
  A deep elf demonologist (Elf:3)
  A deep elf annihilator (Elf:3)
  4 mummy priests
  A merfolk impaler (Shoals:4)
  A deep elf high priest (Elf:3)
  A naga warrior (Snake:4)
  2 merfolk aquamancers (Shoals:4)
  2 satyrs (Shoals:3)
  2 naga sharpshooters (Snake:4)
  An orc high priest (Orc:2)
  A small abomination (Elf:3)
  Sonja (D:11)
  A sea snake (Shoals:4)
  An ironbrand convoker (Vaults:1)
  A naga ritualist (Snake:4)
  2 deep elf archers
  A harpy (Shoals:4)
  A cyclops (Vaults:1)
  3 orc knights
  2 deep elf magi (Elf:3)
  A manticore (Shoals:4)
  3 naga magi (Snake:4)
  A guardian mummy (Tomb:1)
  3 merfolk
  A dream sheep (Shoals:3)
  An ushabti (Crypt:3)
  A water elemental (Elf:3)
  A naga (Snake:1)
  2 orc warriors
  An orc priest (Orc:2)
  An orc (Bailey)
  A hobgoblin (Bailey)
  2 crawling corpses (Elf:3)
63 creatures vanquished.

Vanquished Creatures (others)
  2 deep elf master archers (Elf:3)
  A deep elf elementalist (Vaults:5)
  A satyr (Shoals:4)
  7 death scarabs
  5 naga sharpshooters
  3 deep elf knights
  2 deep elf archers (Elf:2)
  A mana viper (Snake:3)
  A deep elf mage (Elf:1)
  2 fauns
  2 manticores
  A naga mage (Snake:4)
  A merfolk (Shoals:3)
  A human (Snake:1)
  2 boggarts (Vaults:1)
  A centaur (Shoals:2)
  An ogre (Vaults:3)
  A mummy (Tomb:1)
  An orc (Orc:1)
  3 kobolds (Bailey)
  A bush (D:5)
  15 fungi
  22 plants
  20 tentacles
  2 withered plants (Crypt:3)
99 creatures vanquished.

Grand Total: 2276 creatures vanquished

Notes
Turn   | Place    | Note
-------+----------+-------------------------------------------
     0 | D:1      | robertstho the Minotaur Berserker began the quest for the Orb.
     0 | D:1      | Reached XP level 1. HP: 19/19 MP: 0/0
   105 | D:1      | Reached XP level 2. HP: 24/27 MP: 1/1
   595 | D:1      | Reached ** piety under Trog
   807 | D:2      | Reached XP level 3. HP: 18/34 MP: 2/2
  1327 | D:2      | Found a shattered altar of Ashenzari.
  1589 | D:3      | Noticed Natasha
  1598 | D:3      | Killed Natasha
  1598 | D:3      | Reached skill level 5 in Fighting
  1598 | D:3      | Reached XP level 4. HP: 28/42 MP: 3/3
  1628 | D:3      | Noticed Natasha
  1633 | D:3      | Killed Natasha
  1686 | D:3      | Reached XP level 5. HP: 35/48 MP: 4/4
  1939 | D:3      | Reached skill level 5 in Axes
  2071 | D:3      | Found a sparkling altar of Nemelex Xobeh.
  2072 | D:3      | Noticed Natasha
  2082 | D:3      | Killed Natasha
  2176 | D:3      | Found a burning altar of Makhleb.
  2176 | D:3      | Found a radiant altar of Vehumet.
  2301 | D:4      | Reached XP level 6. HP: 56/57 MP: 5/5
  2331 | D:4      | Reached skill level 1 in Stealth
  2489 | D:4      | Reached *** piety under Trog
  2521 | D:4      | Found a shimmering altar of Xom.
  2582 | D:4      | Reached XP level 7. HP: 56/63 MP: 6/6
  2614 | D:4      | Found a runed door.
  2618 | D:4      | Noticed Crazy Yiuf
  2622 | D:4      | Killed Crazy Yiuf
  2931 | D:5      | Entered Level 5 of the Dungeon
  2984 | D:5      | Found a staircase to the Ecumenical Temple.
  3324 | D:5      | Found a blossoming altar of Fedhas.
  3742 | D:6      | Reached XP level 8. HP: 73/73 MP: 7/7
  3747 | D:6      | Found a sand-covered staircase.
  3775 | Ossuary  | Entered an ossuary
  3810 | Ossuary  | Reached **** piety under Trog
  4054 | D:6      | Noticed Blork the orc
  4061 | D:6      | Killed Blork the orc
  4179 | D:6      | Reached skill level 5 in Armour
  4360 | D:6      | Reached skill level 10 in Fighting
  4360 | D:6      | Reached XP level 9. HP: 86/86 MP: 8/8
  4494 | D:6      | Noticed Edmund
  4501 | D:6      | Killed Edmund
  5019 | D:7      | Found Duatz's Assorted Antiques.
  5515 | D:7      | Noticed Joseph
  5532 | D:7      | Killed Joseph
  5532 | D:7      | Reached skill level 1 in Polearms
  5779 | D:8      | Reached XP level 10. HP: 89/95 MP: 9/9
  5785 | D:8      | Found Sizixig's Jewellery Emporium.
  5795 | D:8      | Bought a +4 amulet of reflection for 378 gold pieces
  5806 | D:8      | Noticed Erica
  5817 | D:8      | Killed Erica
  6087 | D:8      | Reached skill level 10 in Armour
  6121 | D:8      | Noticed Prince Ribbit
  6127 | D:8      | Killed Prince Ribbit
  6213 | D:8      | Found a sacrificial altar of Ru.
  6382 | D:8      | Found a flagged portal.
  6394 | Bailey   | Entered a bailey
  6464 | Bailey   | Reached ***** piety under Trog
  6517 | Bailey   | Noticed an orc knight
  6523 | Bailey   | Killed an orc knight
  6854 | D:8      | Received a gift from Trog
  7036 | D:8      | Found a staircase to the Lair.
  7169 | D:9      | Found Xecounny's Assorted Antiques.
  7177 | D:9      | Bought a pair of translucent boots for 285 gold pieces
  7177 | D:9      | Bought a potion of curing for 90 gold pieces
  7182 | D:9      | Identified the +2 pair of boots of Ukhlyuff {MR+ Slay+3} (You bought it in a shop on level 9 of the Dungeon)
  7281 | D:9      | Got a bone hand axe
  7282 | D:9      | Identified the +4 hand axe of Springtime {holy, *Contam +Fly rPois Stlth+} (You found it on level 9 of the Dungeon)
  7299 | D:9      | Reached XP level 11. HP: 102/103 MP: 4/10
  7314 | D:9      | Noticed a two-headed ogre
  7318 | D:9      | Killed a two-headed ogre
  7331 | D:9      | Gained mutation: You are clumsy. (Dex -2) [mutagenic glow]
  7417 | D:9      | Found a sacrificial altar of Ru.
  7417 | D:9      | Noticed a six-headed hydra
  7424 | D:9      | Killed a three-headed hydra
  7605 | D:9      | Reached skill level 15 in Axes
  7768 | D:9      | Found a bloodstained altar of Trog.
  7922 | D:10     | Entered Level 10 of the Dungeon
  7941 | D:10     | Found a staircase to the Orcish Mines.
  8363 | D:10     | Killed an unseen horror
  8880 | D:11     | Noticed a six-headed hydra
  8885 | D:11     | Killed a three-headed hydra
  8889 | D:11     | Noticed Sonja
  8893 | D:11     | Killed Sonja
  9280 | D:11     | Found Qouh's Weapon Shoppe.
  9463 | D:11     | Killed an unseen horror
  9728 | D:12     | Got a fine hand crossbow
  9729 | D:12     | Identified the +3 hand crossbow of Gozag's Castigation {venom, Str+7 Dex-4} (You found it on level 12 of the Dungeon)
  9751 | D:12     | Noticed a sixfirhy
  9871 | D:12     | Reached XP level 12. HP: 113/113 MP: 11/11
 10510 | D:13     | Received a gift from Trog
 10523 | D:13     | Reached skill level 1 in Crossbows
 10531 | D:13     | Noticed a centaur warrior
 10536 | D:13     | Killed a centaur warrior
 10589 | D:13     | Noticed a death knight
 10602 | D:13     | Killed a death knight
 10724 | D:13     | Noticed a centaur warrior
 10731 | D:13     | Killed a centaur warrior
 10820 | D:13     | Found a labyrinth entrance.
 10833 | Lab      | Entered a labyrinth
 11345 | Lab      | Noticed a minotaur
 11349 | Lab      | Killed a minotaur
 11349 | Lab      | Reached ****** piety under Trog
 11357 | Lab      | Received a gift from Trog
 12050 | D:13     | Noticed a vault guard
 12060 | D:13     | Killed a vault guard
 12071 | D:13     | Reached XP level 13. HP: 57/124 MP: 12/12
 12468 | D:13     | Found a gate to the Vaults.
 12720 | D:13     | Received a gift from Trog
 13002 | D:14     | Found an ancient bone altar of Kikubaaqudgha.
 13002 | D:14     | Noticed robertstho's ghost (journeyman MiBe)
 13013 | D:14     | Killed robertstho's ghost
 13055 | D:14     | Found a flickering gateway to a bazaar.
 13061 | Bazaar   | Entered a bazaar
 13061 | Bazaar   | Found Juzung's Gadget Emporium.
 13068 | Bazaar   | Found Siuwk's Antique Weapon Boutique.
 13076 | Bazaar   | Found Zuoki's Distillery.
 13084 | Bazaar   | Bought a potion of curing for 39 gold pieces
 13084 | Bazaar   | Bought a potion of curing for 39 gold pieces
 13087 | Bazaar   | Found Atuprot's General Store.
 13095 | Bazaar   | Bought a scroll of blinking for 105 gold pieces
 13095 | Bazaar   | Bought a potion of berserk rage for 70 gold pieces
 13095 | Bazaar   | Bought a potion of resistance for 140 gold pieces
 13095 | Bazaar   | Bought a scroll of identify for 28 gold pieces
 13103 | Bazaar   | Found Qaril's Antique Armour Shop.
 13111 | Bazaar   | Bought a scorched cloak for 199 gold pieces
 13125 | Bazaar   | Identified the cursed +0 cloak "Fupaxesy" {Int+2 Dex+3} (You bought it in a shop in a bazaar)
 13265 | D:14     | Got a fine pewter amulet
 13748 | D:14     | Reached skill level 15 in Fighting
 13973 | D:15     | Entered Level 15 of the Dungeon
 13975 | D:15     | Noticed Rupert
 14299 | Orc:1    | Entered Level 1 of the Orcish Mines
 14299 | Orc:1    | Noticed Josephine
 14308 | Orc:1    | Killed Josephine
 14954 | Orc:1    | Received a gift from Trog
 15227 | Orc:2    | Entered Level 2 of the Orcish Mines
 15342 | Orc:2    | Found a staircase to the Elven Halls.
 15404 | Orc:2    | Noticed redcow542's ghost (novice TeGl)
 15415 | Orc:2    | Killed redcow542's ghost
 15432 | Orc:2    | Reached XP level 14. HP: 135/135 MP: 4/13
 15433 | Orc:2    | Found a runed door.
 15633 | Orc:2    | Found the +10 large shield of Ignorance {rN+ Int-4}
 15639 | Orc:2    | Found a runed door.
 15676 | Orc:2    | Lost intelligence.
 15815 | Orc:2    | Found Onik Laa's Gadget Emporium.
 15815 | Orc:2    | Found Ishri's Weapon Shop.
 15817 | Orc:2    | Found Suynk's Antique Weapon Emporium.
 15817 | Orc:2    | Found Dyos's Antique Weapon Shop.
 15961 | Orc:2    | Noticed a stone giant
 16356 | Orc:2    | Lost intelligence.
 16930 | Lair:1   | Entered Level 1 of the Lair of Beasts
 16977 | Lair:1   | Received a gift from Trog
 17041 | Lair:1   | Identified the amulet "Apealapp" {RegenMP Stlth+} (You took it off a centaur on level 14 of the Dungeon)
 17276 | Lair:1   | Reached skill level 1 in Long Blades
 17982 | Lair:2   | Found a staircase to the Snake Pit.
 18681 | Lair:3   | Reached skill level 5 in Dodging
 18719 | Lair:3   | Reached skill level 1 in Shields
 19057 | Lair:3   | Received a gift from Trog
 19875 | Lair:4   | Got an ivory war axe
 19876 | Lair:4   | Identified the +8 war axe of Descent {venom, rElec Int+5} (You found it on level 4 of the Lair of Beasts)
 19922 | Lair:4   | Found a staircase to the Shoals.
 20212 | Lair:4   | Reached XP level 15. HP: 146/147 MP: 14/14
 20234 | Lair:4   | Got a topaz-encrusted plate armour
 20245 | Lair:4   | Identified the +8 plate armour of Birdsong {rC+} (You found it on level 4 of the Lair of Beasts)
 21026 | Lair:5   | Received a gift from Trog
 21214 | Lair:5   | Identified a scroll of acquirement
 21218 | Lair:5   | Got a faintly glowing bronze ring
 21220 | Lair:5   | Identified the ring "Mavvel" {Str+2 Slay+6} (You acquired it on level 5 of the Lair of Beasts)
 21302 | Lair:5   | Found a staircase to the Slime Pits.
 21426 | Lair:6   | Entered Level 6 of the Lair of Beasts
 21906 | Lair:6   | Found a dark tunnel.
 21911 | Volcano  | Entered a volcano
 22303 | Volcano  | Received a gift from Trog
 23573 | Snake:1  | Entered Level 1 of the Snake Pit
 23927 | Snake:1  | Reached XP level 16. HP: 138/157 MP: 15/15
 24148 | Snake:1  | Noticed Aizul
 24170 | Snake:1  | Killed Aizul
 24218 | Snake:1  | Noticed Kirke
 24230 | Snake:1  | Killed Kirke
 24230 | Snake:1  | Received a gift from Trog
 24253 | Snake:1  | Gained mutation: You are dopey. (Int -2) [mutagenic glow]
 25117 | Snake:2  | Reached skill level 5 in Shields
 25345 | Snake:2  | Found Ephuxu's General Store.
 25356 | Snake:2  | Bought a scroll of identify for 40 gold pieces
 25356 | Snake:2  | Bought a scroll of identify for 40 gold pieces
 25824 | Snake:3  | Received a gift from Trog
 25851 | Snake:3  | Received a gift from Trog
 26825 | Snake:4  | Entered Level 4 of the Snake Pit
 26861 | Snake:4  | Found Etocsaph's Magic Scroll Shoppe.
 26863 | Snake:4  | Found Ymicur's Gadget Shoppe.
 26875 | Snake:4  | Found Iteynlie's Antique Weapon Shoppe.
 26877 | Snake:4  | Found Unac's Gadget Shoppe.
 26883 | Snake:4  | Bought a scroll of blinking for 142 gold pieces
 26883 | Snake:4  | Bought a scroll of teleportation for 57 gold pieces
 26883 | Snake:4  | Bought a scroll of blinking for 142 gold pieces
 26883 | Snake:4  | Bought a scroll of teleportation for 57 gold pieces
 27065 | Snake:4  | Received a gift from Trog
 27251 | Snake:4  | Reached XP level 17. HP: 99/168 MP: 16/16
 27266 | Snake:4  | Noticed Vashnia
 27284 | Snake:4  | Killed Vashnia
 27312 | Snake:4  | Noticed Mara
 27312 | Snake:4  | Noticed Mara
 27312 | Snake:4  | Noticed Mara
 27314 | Snake:4  | Noticed robertstho's illusion
 27336 | Snake:4  | Noticed robertstho's illusion
 27349 | Snake:4  | Killed Mara
 27364 | Snake:4  | Noticed Donald
 27583 | Snake:4  | Killed Donald
 27679 | Snake:4  | Found Niunn's Food Boutique.
 27867 | Snake:4  | Lost intelligence.
 28012 | Snake:4  | Reached skill level 10 in Shields
 28016 | Snake:4  | Received a gift from Trog
 28269 | Snake:4  | Lost intelligence.
 28536 | Snake:4  | Lost intelligence.
 28642 | Snake:4  | Lost intelligence.
 28685 | Snake:4  | Lost intelligence.
 28689 | Snake:4  | Upgraded the game from 0.21-a0-519-gb765982 to 0.21-a0-521-g1cd18d1
 28878 | Snake:4  | Lost intelligence.
 29113 | Snake:4  | Received a gift from Trog
 29118 | Snake:4  | Identified the +10 hand axe of Agyzxics {chop, *Slow rElec rPois Str+7} (Trog gifted it to you on level 4 of the Snake Pit)
 29155 | Snake:4  | Lost intelligence.
 29353 | Snake:4  | Got a serpentine rune of Zot
 29816 | Shoals:1 | Entered Level 1 of the Shoals
 30185 | Shoals:1 | Reached skill level 5 in Crossbows
 30390 | Shoals:1 | Noticed a kraken
 30402 | Shoals:1 | Killed a kraken
 30689 | Shoals:2 | Reached XP level 18. HP: 155/178 MP: 17/17
 30864 | Shoals:2 | Found Htulan's Humungous Hoard.
 30917 | Shoals:2 | Bought a potion of haste for 140 gold pieces
 30917 | Shoals:2 | Bought a potion of heal wounds for 70 gold pieces
 31051 | Shoals:2 | Received a gift from Trog
 31074 | Shoals:2 | Got a warped whip
 31075 | Shoals:2 | Identified the +11 whip of the Dark Horse {drain, *Drain Str+4 Int+3} (You found it on level 2 of the Shoals)
 31668 | Shoals:3 | Found a frozen archway.
 31687 | IceCv    | Entered an ice cave
 32065 | IceCv    | Received a gift from Trog
 32924 | Shoals:3 | Received a gift from Trog
 33231 | Shoals:4 | Entered Level 4 of the Shoals
 33774 | Shoals:4 | Got a barnacled rune of Zot
 33911 | Shoals:4 | Noticed Ilsuiw
 33947 | Shoals:4 | Killed Ilsuiw
 33980 | Shoals:4 | Received a gift from Trog
 33990 | Shoals:4 | Got a sapphire great sword {god gift}
 33991 | Shoals:4 | Identified the +9 great sword of Alaval {slice, Str+2} (Trog gifted it to you on level 4 of the Shoals)
 34215 | Shoals:4 | Identified the ring of the Barnacle {Fire Slay+3} (You found it on level 4 of the Shoals)
 34527 | Elf:1    | Entered Level 1 of the Elven Halls
 34574 | Elf:1    | Found Roirharuba's Distillery.
 34606 | Elf:1    | Bought a potion of heal wounds for 70 gold pieces
 34606 | Elf:1    | Bought a potion of heal wounds for 70 gold pieces
 34606 | Elf:1    | Bought a potion of curing for 42 gold pieces
 34606 | Elf:1    | Bought a potion of curing for 42 gold pieces
 34606 | Elf:1    | Bought a potion of magic for 112 gold pieces
 34756 | Elf:1    | Reached XP level 19. HP: 188/188 MP: 18/18
 35261 | Elf:1    | Received a gift from Trog
 35686 | Elf:2    | Reached skill level 10 in Crossbows
 35762 | Elf:2    | Found a ruined gateway.
 35772 | Desolati | Entered the Desolation of Salt
 35802 | Desolati | Received a gift from Trog
 35881 | Desolati | Lost intelligence.
 35953 | Desolati | Received a gift from Trog
 36181 | Desolati | Identified the ring "Uxteapet" {Ice Slay+2} (You found it in the Desolation of Salt)
 36225 | Desolati | Identified the ring "Puum" {Ice Str+3 Dex+3} (You found it in the Desolation of Salt)
 36328 | Desolati | Identified a +0 pair of boots of running (You found it in the Desolation of Salt)
 36823 | Desolati | Received a gift from Trog
 37232 | Elf:2    | Found a runed gate.
 37232 | Elf:2    | Found a runed gate.
 37232 | Elf:2    | Found a runed gate.
 37298 | Elf:2    | Found a portal to a secret trove of treasure.
 37322 | Elf:2    | Reached skill level 15 in Shields
 37620 | Shoals:2 | Bought a manual of Hexes for 1545 gold pieces
 37940 | Elf:2    | You paid a toll of a manual of Hexes to enter a treasure trove
 37941 | Trove    | Entered a treasure trove
 37976 | Trove    | Got a warped copper amulet
 37978 | Trove    | Got a brightly glowing pewter amulet
 38046 | Trove    | Identified the amulet "Utaets" {rC- rN++ Regen+ Int+3} (You found it in a treasure trove)
 38053 | Trove    | Identified the amulet "Surroata" {Spirit MR+} (You found it in a treasure trove)
 38146 | Elf:2    | Reached skill level 15 in Armour
 38431 | Elf:2    | Reached XP level 20. HP: 200/200 MP: 19/19
 38489 | Elf:2    | Received a gift from Trog
 38763 | Elf:3    | Entered Level 3 of the Elven Halls
 39068 | Elf:3    | Received a gift from Trog
 39944 | Elf:3    | Received a gift from Trog
 40097 | Elf:3    | Received a gift from Trog
 40149 | Elf:3    | Identified the ring of Boguvvefra {rPois rC+ Str+8 Dex+4} (You took it off a deep elf sorcerer on level 3 of the Elven Halls)
 40554 | Elf:3    | Identified the ring "Paweg" {EV+2 Dex+2} (You took it off a deep elf demonologist on level 3 of the Elven Halls)
 40962 | Vaults:1 | Entered Level 1 of the Vaults
 41001 | Vaults:1 | HP: 8/202 [Executioner[a boggart] (6)]
 41478 | Vaults:1 | Received a gift from Trog
 41543 | Vaults:1 | Received a gift from Trog
 41561 | Vaults:1 | Paralysed by a sphinx for 3 turns
 41660 | Vaults:1 | Reached XP level 21. HP: 210/210 MP: 20/20
 41817 | Vaults:1 | Received a gift from Trog
 41947 | Vaults:1 | Received a gift from Trog
 42475 | Vaults:1 | Received a gift from Trog
 42844 | Vaults:2 | Received a gift from Trog
 43673 | Vaults:2 | Found a staircase to the Crypt.
 43915 | Vaults:3 | Received a gift from Trog
 44075 | Vaults:3 | Found an ornate altar of the Wu Jian Council.
 44129 | Vaults:3 | Noticed Jory
 44145 | Vaults:3 | Killed Jory
 44205 | Vaults:3 | Received a gift from Trog
 44208 | Vaults:3 | Identified the +1 hand axe "Qolor" {vamp, rN+ Int+3} (Trog gifted it to you on level 3 of the Vaults)
 44426 | Vaults:3 | Found Usys's Distillery.
 44432 | Vaults:3 | Bought a potion of curing for 39 gold pieces
 44432 | Vaults:3 | Bought a potion of curing for 39 gold pieces
 44432 | Vaults:3 | Bought a potion of heal wounds for 65 gold pieces
 44432 | Vaults:3 | Bought a potion of haste for 130 gold pieces
 44432 | Vaults:3 | Bought a potion of heal wounds for 65 gold pieces
 44618 | Vaults:3 | Reached XP level 22. HP: 222/222 MP: 21/21
 45035 | Vaults:3 | Received a gift from Trog
 45165 | Vaults:3 | Identified the Collected Works on the Blaze
 45928 | Vaults:4 | Found the +7 mace of Variability {chaos}
 45931 | Vaults:4 | Received a gift from Trog
 46065 | Vaults:4 | Received a gift from Trog
 46426 | Vaults:4 | Received a gift from Trog
 46526 | Vaults:5 | Entered Level 5 of the Vaults
 46528 | Vaults:5 | Noticed an ancient lich
 46566 | Vaults:4 | Reached skill level 27 in Axes
 46725 | Vaults:5 | Killed an ancient lich
 46730 | Vaults:5 | Reached XP level 23. HP: 190/232 MP: 22/22
 46890 | Vaults:5 | Received a gift from Trog
 46945 | Vaults:5 | Received a gift from Trog
 47096 | Vaults:5 | Noticed Sojobo
 47110 | Vaults:5 | Killed Sojobo
 47343 | Vaults:5 | Received a gift from Trog
 47544 | Vaults:5 | Received a gift from Trog
 47609 | Vaults:5 | Identified the amulet of Propriety {-Tele Regen+ Str+2 Slay+2} (You took it off a tengu reaver on level 5 of the Vaults)
 47723 | Vaults:5 | Received a gift from Trog
 47827 | Vaults:5 | Got a silver rune of Zot
 47908 | Vaults:5 | Identified the ring of Makhleb's Envy {-Tele rN+++ Stlth-} (You found it on level 5 of the Vaults)
 48504 | Crypt:1  | Entered Level 1 of the Crypt
 48565 | Crypt:1  | Reached XP level 24. HP: 238/245 MP: 22/22
 49140 | Crypt:1  | Received a gift from Trog
 49171 | Crypt:1  | Found an ancient bone altar of Kikubaaqudgha.
 50371 | Crypt:3  | Entered Level 3 of the Crypt
 50773 | Crypt:3  | Received a gift from Trog
 51047 | Crypt:3  | Found an ancient bone altar of Kikubaaqudgha.
 51218 | Crypt:3  | Noticed an ancient lich
 51239 | Crypt:3  | Killed an ancient lich
 51253 | Crypt:3  | Received a gift from Trog
 51710 | Crypt:3  | Found a staircase to the Tomb.
 51911 | Tomb:1   | Entered Level 1 of the Tomb of the Ancients
 52043 | Tomb:1   | Reached skill level 27 in Fighting
 52344 | Tomb:1   | HP: 18/373 [torment (7)]
 53106 | Tomb:1   | Received a gift from Trog
 53107 | Tomb:1   | Found the +8 mithril axe "Arga" {speed, MR+}
 53425 | Tomb:2   | Noticed a greater mummy
 53427 | Tomb:2   | Noticed a greater mummy
 53437 | Tomb:2   | Killed a greater mummy
 53438 | Tomb:2   | Lost intelligence.
 53441 | Tomb:2   | HP: 14/370 [??? (5)]
 53442 | Tomb:2   | Noticed a greater mummy
 53442 | Tomb:2   | HP: 6/370 [death scarab (4)]
 53442 | Tomb:2   | Mangled by a death scarab

Vault maps used:
D:1:      dpeg_arrival_central, minmay_tetromino_t2
D:2:      minivault_25, evilmike_ruin_ashenzari
D:3:      grunt_temple_overflow_lords_of_destruction,
          nemelex_xobeh_ov_fountains_minmay, uniq_natasha
D:4:      kennysheep_mini_moat, uniq_crazy_yiuf_cottage
D:5:      minmay_temple_entry_glass, first_bread, fedhas_bush_and_centaur_altar
D:6:      enter_ossuary_1, dk_noncrumbling_3, uniq_blork_the_orc, uniq_edmund
D:7:      serial_shops, nicolae_shop_trees, uniq_joseph
D:8:      kennysheep_little_box, erik_lair_dragon, serial_glass,
          glass_columns_a, glass_columns_b, serial_shops, shop, enter_bailey_3,
          serial_bayou_crossing, uniq_prince_ribbit1, uniq_erica
D:9:      old_forge, serial_shops, nicolae_shop_overgrown_old_shop, basic_altar,
          trog_ov_bears_minmay
D:10:     orc_0_dummy
D:11:     serial_shops, nicolae_shop_stone, blue_anna_alchemist,
          serial_bayou_pond_b, uniq_sonja
D:13:     grunt_vaults_entry_tiered, lab_entry_generic
D:14:     basic_altar, kennysheep_crisscross, serial_shops, bzr_entry_safe
D:15:     gammafunk_depths_entry_grave, nicolae_transmutations_shop,
          uniq_rupert, uniq_agnes, uniq_urug
Lair:1:   beast_lair_carwin_6
Lair:2:   minmay_snake_entry_six_corridors
Lair:3:   minmay_lair_oklob_bushes, roderic_carrion_pond
Lair:4:   minmay_shoals_entry_centaurs, beast_lair_carwin_5,
          infiniplex_staircase_pool
Lair:5:   minmay_slime_entry_pillars, fungi_pond_lemuel
Lair:6:   minmay_lair_end_frog_pond, nicolae_volcano_entry_s_turn
Shoals:2: nicolae_alphabet_shops
Shoals:3: portal_ice_cave_entry_frozen_things
Shoals:4: shoals_end_grunt_ice, shoals_ilsuiw_alternative
Snake:1:  grunt_megastairs_4, uniq_aizul, uniq_kirke
Snake:2:  serial_shops, shop_fountains
Snake:4:  snake_pit, serial_shops, shop, minmay_shop_grid_forest, uniq_vashnia,
          uniq_donald, uniq_mara
Orc:1:    mines_bat_river, uniq_josephine, uniq_harold
Orc:2:    grunt_orc_tribal_feast, chequers_guarded_unrand_ignorance
Elf:1:    serial_shops, nicolae_shop_stone, hangedman_elven_crosses_minicolossus
Elf:2:    enter_trove_0, portal_desolation_entry_ruin
Elf:3:    minmay_elf_hall_circle
Vaults:1: hangedman_vaults_capsules, v_pattern_2, nicolae_vaults_circle_grid_b,
          st_greater_box_1, v_alt_pattern_3, grunt_vaults_bifocal,
          vaults_room_large_hall, v_misc_13, vaults_room_large_hall,
          grunt_vaults_hallway_long, vaults_room_hallway,
          ontoclasm_vaults_shuriken
Vaults:2: hangedman_vaults_stagger, v_alt_pattern_6,
          minmay_crypt_entry_simple_box, v_alt_pattern_6,
          hangedman_vaults_corner_blocks, nicolae_vaults_diagonal_hallway_9,
          ontoclasm_vaults_idyll, vaults_room_door_ring
Vaults:3: nicolae_vaults_branching_niches, vaults_mumra_lcd,
          vaults_room_corners, vaults_standard_mumra_x, v_misc_26,
          nicolae_vaults_mini_display_case, hangedman_vaults_river_flow,
          v_misc_9, ontoclasm_vaults_fault, vaults_dpeg_cross, v_misc_25,
          vaults_dpeg_diagonal, nicolae_vaults_specimen_jars,
          ontoclasm_vaults_tryst, basic_altar, serial_shops, shop, uniq_jory
Vaults:4: ontoclasm_vaults_decontamination, ontoclasm_vaults_idyll, v_misc_23,
          st_smaller_cells, grunt_vaults_focal, vaults_mumra_hex,
          vaults_room_boxed, v_alt_pattern_1, vaults_room_grid, v_misc_5,
          dpeg_vaults_monster_box, nicolae_vaults_ring_of_whatevers,
          vaults_room_door_ring
Vaults:5: uniq_sojobo
Crypt:1:  serial_sigils_hangedman_scratch, nicolae_crypt_little_mausoleum
Crypt:2:  minmay_misc_feat_pillars, grunt_megastairs_3
Crypt:3:  evilmike_haunted_forest
Lab:      nicolae_lab_x, nicolae_lab_lava, nicolae_lab_diamond,
          labyrinth_skeletal_remains, nicolae_lab_stuck
Bazaar:   bazaar_lake
Trove:    trove_garden
Ossuary:  ossuary_tomb_3
Bailey:   bailey_axe_1, bailey
IceCv:    ice_cave_tombish
Volcano:  volcano_bunker

Skill      XL: |  1  2  3  4  5  6  7  8  9 10 11 12 13 14 15 16 17 18 19 20 21 22 23 24 |
---------------+-------------------------------------------------------------------------+-----
Fighting       | 4 5 6 7 10 11 12 14 15 17 18 19 20 21 22 23 24 26 27 | 27.0
Axes           | 4 5 6 8 12 14 16 18 20 21 22 23 24 25 26 27 | 27.0
Dodging        | 3 4 5 6 |  6.6
Stealth        | 1 |  1.1
Armour         | 3 9 10 11 12 13 14 15 16 17 | 17.3
Polearms       | 1 2 |  2.0
Crossbows      | 1 5 9 10 11 12 | 12.3
Long Blades    | 1 |  1.4
Shields        | 1 2 8 11 13 15 16 18 20 22 23 | 23.5
Throwing       | |  0.5

Action                   |  1- 3 |  4- 6 |  7- 9 | 10-12 | 13-15 | 16-18 | 19-21 | 22-24 || total
-------------------------+-------+-------+-------+-------+-------+-------+-------+-------++-------
Melee: Hand axe          |    73 |   116 |   213 |       |    47 |   204 |   787 |  1024 ||  2464
       Headbutt          |     6 |    21 |    61 |   116 |   220 |   172 |   261 |   395 ||  1252
       Glaive            |       |       |    18 |       |       |       |       |       ||    18
       Quarterstaff      |       |       |     2 |       |       |       |       |       ||     2
       Battleaxe         |       |       |       |   433 |   590 |       |       |       ||  1023
       War axe           |       |       |       |    22 |    84 |   385 |       |       ||   491
       Scimitar          |       |       |       |     7 |     8 |       |       |       ||    15
       Broad axe         |       |       |       |    59 |       |       |       |    11 ||    70
       Executioner's axe |       |       |       |       |   220 |       |       |    31 ||   251
 Fire: Hand crossbow     |       |       |       |    12 |       |   608 |   375 |   478 ||  1473
Throw: Tomahawk          |       |       |       |     2 |       |     5 |       |       ||     7
Invok: Berserk           |     1 |     1 |     5 |     8 |    18 |     7 |     6 |     6 ||    52
       Trog's Hand       |       |     1 |       |       |     1 |     6 |     3 |     3 ||    14
       Burn Spellbooks   |       |     1 |       |     2 |     2 |     7 |     9 |     3 ||    24
       Brothers in Arms  |       |       |       |     2 |     5 |     8 |     5 |     8 ||    28
Evoke: Wand              |       |       |       |       |       |     1 |       |       ||     1
  Use: Scroll            |       |       |    12 |    10 |    16 |     6 |    26 |     7 ||    77
       Potion            |       |       |     1 |     1 |     4 |     5 |    10 |    13 ||    34
 Stab: Distracted        |       |       |       |       |       |       |       |     1 ||     1
       Invisible         |       |       |       |       |       |       |       |     6 ||     6
  Eat: Chunk             |     1 |     4 |    14 |    23 |    32 |    29 |    25 |    11 ||   139
       Royal jelly       |       |     1 |       |       |     6 |     5 |     3 |     5 ||    20
       Fruit             |       |       |     1 |     7 |     6 |    11 |     3 |     4 ||    32
       Meat ration       |       |       |       |       |     2 |     1 |     3 |     3 ||     9
Armor: Animal skin       |    16 |     3 |       |       |       |       |       |       ||    19
       Chain mail        |       |    32 |     9 |       |       |       |       |       ||    41
       Plate armour      |       |       |   127 |   374 |   683 |   308 |   209 |   303 ||  2004
Dodge: Dodged            |    56 |    60 |    96 |   212 |   379 |   147 |   129 |   204 ||  1283
Block: Other             |       |       |       |    78 |   144 |     1 |       |       ||   223
       Reflection        |       |       |       |    19 |    11 |   266 |    76 |       ||   372
       Large shield      |       |       |       |       |       |  1487 |  1133 |  1247 ||  3867
       Rpst.: Scimitar   |       |       |       |     1 |     2 |       |       |       ||     3

Table legend:
 A = Spawn XP
 B = Non-spawn XP
 C = Spawn XP percentage of total XP
 D = Spawn monster count
 E = Non-spawn monster count
 F = Spawn count percentage of total count
 G = Total turns spent on level
                    A         B        C        D         E        F      G
               +---------+---------+-------+---------+---------+-------+---------
         Total |       0 | 1121250 |   0.0 |       0 |    2178 |   0.0 | 53442
               +---------+---------+-------+---------+---------+-------+---------
           D:1 |       0 |      40 |   0.0 |       0 |      24 |   0.0 |   801
           D:2 |       0 |      56 |   0.0 |       0 |      11 |   0.0 |   778
           D:3 |       0 |     260 |   0.0 |       0 |      18 |   0.0 |   716
           D:4 |       0 |     549 |   0.0 |       0 |      20 |   0.0 |   636
           D:5 |       0 |     498 |   0.0 |       0 |      16 |   0.0 |   798
           D:6 |       0 |     946 |   0.0 |       0 |      15 |   0.0 |   667
           D:7 |       0 |     666 |   0.0 |       0 |      11 |   0.0 |  1305
           D:8 |       0 |    4243 |   0.0 |       0 |      46 |   0.0 |  1224
           D:9 |       0 |    3740 |   0.0 |       0 |      36 |   0.0 |   799
          D:10 |       0 |    2211 |   0.0 |       0 |      17 |   0.0 |  1160
          D:11 |       0 |    4893 |   0.0 |       0 |      31 |   0.0 |  1052
          D:12 |       0 |    3484 |   0.0 |       0 |      23 |   0.0 |   943
          D:13 |       0 |   19563 |   0.0 |       0 |      81 |   0.0 |  2300
          D:14 |       0 |    9480 |   0.0 |       0 |      31 |   0.0 |  1168
          D:15 |       0 |     674 |   0.0 |       0 |       2 |   0.0 |    14
        Lair:1 |       0 |    7521 |   0.0 |       0 |      29 |   0.0 |   798
        Lair:2 |       0 |    3833 |   0.0 |       0 |      24 |   0.0 |   783
        Lair:3 |       0 |   12057 |   0.0 |       0 |      32 |   0.0 |  1265
        Lair:4 |       0 |    8190 |   0.0 |       0 |      33 |   0.0 |  1388
        Lair:5 |       0 |   11632 |   0.0 |       0 |      39 |   0.0 |   840
        Lair:6 |       0 |   23513 |   0.0 |       0 |      77 |   0.0 |  1432
      Shoals:1 |       0 |    9133 |   0.0 |       0 |      15 |   0.0 |   711
      Shoals:2 |       0 |   19725 |   0.0 |       0 |      40 |   0.0 |  1080
      Shoals:3 |       0 |   24943 |   0.0 |       0 |      51 |   0.0 |  1267
      Shoals:4 |       0 |   33087 |   0.0 |       0 |      54 |   0.0 |  1005
       Snake:1 |       0 |   24041 |   0.0 |       0 |      39 |   0.0 |  1489
       Snake:2 |       0 |    9943 |   0.0 |       0 |      23 |   0.0 |   590
       Snake:3 |       0 |   19189 |   0.0 |       0 |      41 |   0.0 |  1439
       Snake:4 |       0 |   74427 |   0.0 |       0 |     106 |   0.0 |  2597
         Orc:1 |       0 |    3707 |   0.0 |       0 |      36 |   0.0 |   503
         Orc:2 |       0 |   12124 |   0.0 |       0 |      60 |   0.0 |  1679
         Elf:1 |       0 |   23365 |   0.0 |       0 |      39 |   0.0 |  1138
         Elf:2 |       0 |   42624 |   0.0 |       0 |      61 |   0.0 |  1222
         Elf:3 |       0 |   60805 |   0.0 |       0 |      64 |   0.0 |  1980
      Vaults:1 |       0 |   74360 |   0.0 |       0 |     124 |   0.0 |  1258
      Vaults:2 |       0 |   22900 |   0.0 |       0 |      42 |   0.0 |  1326
      Vaults:3 |       0 |   83476 |   0.0 |       0 |     127 |   0.0 |  1392
      Vaults:4 |       0 |   99254 |   0.0 |       0 |     113 |   0.0 |  1648
      Vaults:5 |       0 |  148155 |   0.0 |       0 |     119 |   0.0 |  1558
       Crypt:1 |       0 |   20177 |   0.0 |       0 |      29 |   0.0 |   976
       Crypt:2 |       0 |   20778 |   0.0 |       0 |      32 |   0.0 |   891
       Crypt:3 |       0 |   59470 |   0.0 |       0 |     100 |   0.0 |  1540
        Tomb:1 |       0 |   31509 |   0.0 |       0 |      50 |   0.0 |  1509
        Tomb:2 |       0 |   11517 |   0.0 |       0 |      12 |   0.0 |    22
           Lab |       0 |    2314 |   0.0 |       0 |       7 |   0.0 |   542
       Ossuary |       0 |     155 |   0.0 |       0 |      16 |   0.0 |   264
        Bailey |       0 |     913 |   0.0 |       0 |      21 |   0.0 |   298
         IceCv |       0 |    8482 |   0.0 |       0 |      23 |   0.0 |   479
       Volcano |       0 |    6579 |   0.0 |       0 |      11 |   0.0 |   599
    Desolation |       0 |   56049 |   0.0 |       0 |     107 |   0.0 |  1265
               +---------+---------+-------+---------+---------+-------+---------
